 Dungeon Crawl Stone Soup version 0.28.0-53-g5a82cb258f (webtiles) character file.

Game seed: 10716629766006762932

2846 nickcage the Cleaver (level 9, -1/66 HPs)
             Began as a Gnoll Chaos Knight on June 21, 2022.
             Was a Plaything of Xom.
             Slain by purpskrrrp's ghost (8 damage)
             ... on level 3 of the Dungeon.
             The game lasted 00:22:09 (7409 turns).

nickcage the Cleaver (Gnoll Chaos Knight)           Turns: 7409, Time: 00:22:10

Health: -1/66      AC: 20    Str: 25      XL:     9   Next: 74%
Magic:  15/15      EV:  9    Int: 12      God:    Xom [*.....]
Gold:   286        SH:  0    Dex:  6 (7)  Spells: 17/17 levels left

rFire   + . .      SeeInvis .   n - +0 war axe
rCold   x . .      Faith    .   (no shield)
rNeg    + + .      Spirit   .   s - +1 chain mail of the Forsaken Friends {Slay+5}
rPois   .          Reflect  .   (no helmet)
rElec   .          Harm     .   d - +2 cloak
rCorr   .          Rampage  .   e - +2 pair of gloves of the Arcane {rC- rN+ Str+9 Dex-4}
Will    .....                   j - +1 pair of boots
Stlth   ..........              (no amulet)
HPRegen 0.21/turn               w - ring of positive energy
MPRegen 0.14/turn               (no ring)

@: mighty, lethally poisoned (-1 -> -3), invisible
A: fangs 1, strong nose, distributed training, deterioration 1, fire resistance
1, frail 1, wild magic 1
a: Renounce Religion


You were on level 3 of the Dungeon.
You worshipped Xom.
You were a special plaything of Xom.
You visited 1 branch of the dungeon, and saw 7 of its levels.

You collected 286 gold pieces.

Inventory:

Hand Weapons
 a - a +1 hand axe of chaos
 g - a +2 vorpal hunting sling
 n - a +0 war axe (weapon)
Missiles
 h - 163 stones
 x - 5 silver boomerangs (quivered)
Armour
 d - a +2 cloak (worn)
 e - the +2 pair of gloves of the Arcane (worn) {rC- rN+ Str+9 Dex-4}
   (You acquired it on level 3 of the Dungeon)

   Str:       It affects your strength (+9).
   Dex:       It affects your dexterity (-4).
   rC:        It makes you vulnerable to cold.
   rN:        It protects you from negative energy.
 j - a +1 pair of boots (worn)
 q - a +0 plate armour
 s - the +1 chain mail of the Forsaken Friends (worn) {Slay+5}
   (You found it on level 3 of the Dungeon)

   Slay:      It affects your accuracy & damage with ranged weapons and melee
   (+5).
Jewellery
 w - a ring of positive energy (left hand)
Wands
 b - a wand of acid (11)
 y - a wand of iceblast (12)
 B - a wand of flame (13)
 F - a wand of charming (6)
Scrolls
 m - a scroll of enchant weapon
 p - 2 scrolls of magic mapping
 u - a scroll of fog
 E - a scroll of teleportation
Potions
 c - 3 potions of lignification
 f - a potion of experience {unknown}
 i - a potion of flight
 k - a potion of ambrosia
 l - a potion of degeneration
 o - 2 potions of magic
 r - 2 potions of invisibility
 t - 2 potions of resistance
 v - a potion of might
 z - a potion of heal wounds {unknown}
 A - 3 potions of berserk rage {unknown}
 C - a potion of curing {unknown}
 D - a potion of haste {unknown}


   Skills:
 + Level 8.0 Fighting
 + Level 4.5 Short Blades
 + Level 4.5 Long Blades
 + Level 8.0 Axes
 + Level 4.5 Maces & Flails
 + Level 4.5 Polearms
 + Level 4.5 Staves
 + Level 4.5 Slings
 + Level 4.5 Bows
 + Level 4.5 Crossbows
 + Level 4.5 Throwing
 + Level 6.5 Armour
 + Level 5.3 Dodging
 + Level 4.5 Stealth
 + Level 4.5 Shields
 + Level 4.5 Unarmed Combat
 + Level 4.5 Spellcasting
 + Level 3.7 Conjurations
 + Level 3.7 Hexes
 + Level 3.7 Summonings
 + Level 3.7 Necromancy
 + Level 3.7 Translocations
 + Level 3.7 Transmutations
 + Level 3.7 Fire Magic
 + Level 3.7 Ice Magic
 + Level 3.7 Air Magic
 + Level 3.7 Earth Magic
 + Level 3.7 Poison Magic
 + Level 5.0 Invocations
 + Level 4.5 Evocations


You had 17 spell levels left.
You didn't know any spells.
Your spell library contained the following spells:

 Spells                   Type           Power      Damage    Failure   Level
 Shock                    Conj/Air       60%        1d6       34%         1
 Blink                    Tloc           30%        N/A       47%         2
 Call Canine Familiar     Summ           15%        N/A       71%         3
 Conjure Flame            Conj/Fire      15%        6-21      71%         3
 Ignite Poison            Fire/Tmut/Pois 15%        N/A       71%         3
 Lesser Beckoning         Tloc           15%        N/A       71%         3
 Portal Projectile        Hex/Tloc       30%        N/A       71%         3
 Swiftness                Air            15%        N/A       71%         3
 Airstrike                Air            7%         N/A       97%         4
 Leda's Liquefaction      Hex/Erth       7%         N/A       97%         4
 Sticky Flame             Conj/Fire      15%        2d4       97%         4
 Manifold Assault         Tloc           15%        N/A       100%        5


Dungeon Overview and Level Annotations

Branches:
Dungeon (7/15)             Temple (0/1) D:6

Altars:
Dithmenos
Kikubaaqudgha
Nemelex Xobeh
Wu Jian

Annotations:
D:3 purpskrrrp's ghost, novice FoFi
D:7 3 runed translucent doors, Agrostarius's ghost, novice DsFi


Innate Abilities, Weirdness & Mutations

You have very sharp teeth.
Your uncanny sense of smell can sniff out nearby items.
Your experience applies equally to all skills.
Your body sometimes deteriorates upon taking damage.
Your flesh is heat resistant. (rF+)
You are frail. (-10% HP)
Your spells are a little harder to cast, but a little more powerful.


Message History

You slice the ogre!!
The ogre is severely wounded.
The ogre hits you with a +4 giant club of chaos!!
You are poisoned.
You slash the ogre!
You kill the ogre!
You feel extremely sick.
Your Invocations skill increases to level 5!
You feel very sick.
You slash purpskrrrp's ghost! You punch purpskrrrp's ghost!
Purpskrrrp's ghost is heavily damaged.
You feel very sick.
Purpskrrrp's ghost hits you but does no damage.
You completely miss purpskrrrp's ghost.
Purpskrrrp's ghost is heavily damaged.
You feel very sick.
Purpskrrrp's ghost hits you but does no damage.
You barely miss purpskrrrp's ghost. Your bite misses purpskrrrp's ghost.
Purpskrrrp's ghost is moderately damaged.
You feel very sick. Purpskrrrp's ghost hits you.
You slash purpskrrrp's ghost! Your bite misses purpskrrrp's ghost.
Purpskrrrp's ghost is severely damaged.
You feel sick.
Purpskrrrp's ghost shrieks, "There is no future for me!"
Purpskrrrp's ghost completely misses you.
You barely miss purpskrrrp's ghost.
You bite purpskrrrp's ghost, but do no damage.
Purpskrrrp's ghost is severely damaged.
You feel sick. Purpskrrrp's ghost barely misses you.
Purpskrrrp's ghost closely misses you.
You hit purpskrrrp's ghost but do no damage.
Purpskrrrp's ghost is heavily damaged.
You feel sick. Purpskrrrp's ghost hits you!
* * * LOW HITPOINT WARNING * * *
Your body deteriorates!
You feel clumsy.
You fade into invisibility!
You feel sick. Purpskrrrp's ghost hits you!
You die...
Xom titters!

.##....##.##.####...###.# ###.#
..#..#†.#..#..#...###...# #....
#.##....##.##...###...### #.##.
#..#..###.....###...#########.##.
##.####...######.................
.#..#...### #.#...............
.##...###### #.##..#########...
..#.####...# #.##..#...!...#...
#.#.## #...# #@##..#..#.#..#...
...÷.###...# ##W##..'...#.$g#...
.###..##...# #.gZ.W.'.....$.#...
(# ##.##...# #......'...#...#...
.# #.##...# #......#..#.#..#...
.# #.##)..# #......#.......#...
.####.##...####......#########...
..............#.................#
######.#########................#


You could see purpskrrrp's ghost, a hobgoblin and an adder skeleton.

Vanquished Creatures
  Pikel (D:6)
  Prince Ribbit (D:7)
  2 spriggans (shapeshifter)
  A steam dragon (D:7)
  A water moccasin (D:6)
  2 ice beasts
  A sky beast (D:6)
  3 ogres
  A centaur (D:6)
  Blork the orc (D:4)
  2 phantoms
  A bullfrog (D:7)
  2 scorpions
  A bullfrog zombie (D:5)
  A jelly (D:5)
  3 hounds
  2 orc priests (D:6)
  Crazy Yiuf (D:6)
  A bullfrog skeleton (D:5)
  An iguana (D:4)
  A scorpion zombie (D:5)
  A killer bee zombie (D:5)
  A hound zombie (D:5)
  A hound skeleton (D:4)
  A howler monkey zombie (D:7)
  4 adders
  A shadow imp (D:7)
  A white imp (D:7)
  2 ufetubi
  2 worms
  2 dart slugs (D:2)
  12 orcs
  4 bats
  3 endoplasms
  2 giant cockroaches (D:3)
  9 hobgoblins
  4 jackals (D:1)
  5 kobolds
  3 quokkas
  5 ball pythons
  7 frilled lizards
  6 goblins
  4 rats
110 creatures vanquished.

Vanquished Creatures (collateral kills)
  A black bear (D:4)
  An orc wizard (D:4)
  An orc (D:4)
3 creatures vanquished.

Grand Total: 113 creatures vanquished

Notes
Turn   | Place    | Note
-------+----------+-------------------------------------------
     0 | D:1      | nickcage the Gnoll Chaos Knight began the quest for the
                  | Orb.
     0 | D:1      | Reached XP level 1. HP: 23/23 MP: 1/1
    93 | D:1      | XOM: smoke on damage
    96 | D:1      | Reached XP level 2. HP: 14/29 MP: 2/2
   311 | D:1      | You fall into a shaft and drop 1 floor!
   422 | D:2      | Reached XP level 3. HP: 35/35 MP: 3/3
   424 | D:2      | XOM: silly message
   531 | D:1      | Noticed a shapeshifter
   531 | D:1      | a kobold changed into a shapeshifter
   531 | D:1      | Noticed a spriggan
   531 | D:1      | a shapeshifter changed into a spriggan
   534 | D:1      | XOM: enchant monster (good)
   538 | D:1      | Killed a spriggan
   539 | D:1      | Reached skill level 1 in Short Blades
   539 | D:1      | Reached skill level 1 in Long Blades
   539 | D:1      | Reached skill level 1 in Maces & Flails
   539 | D:1      | Reached skill level 1 in Polearms
   539 | D:1      | Reached skill level 1 in Staves
   539 | D:1      | Reached skill level 1 in Slings
   539 | D:1      | Reached skill level 1 in Bows
   539 | D:1      | Reached skill level 1 in Crossbows
   539 | D:1      | Reached skill level 1 in Throwing
   539 | D:1      | Reached skill level 1 in Stealth
   539 | D:1      | Reached skill level 1 in Shields
   539 | D:1      | Reached skill level 1 in Unarmed Combat
   539 | D:1      | Reached skill level 1 in Spellcasting
   539 | D:1      | Reached skill level 1 in Conjurations
   539 | D:1      | Reached skill level 1 in Hexes
   539 | D:1      | Reached skill level 1 in Summonings
   539 | D:1      | Reached skill level 1 in Necromancy
   539 | D:1      | Reached skill level 1 in Translocations
   539 | D:1      | Reached skill level 1 in Transmutations
   539 | D:1      | Reached skill level 1 in Fire Magic
   539 | D:1      | Reached skill level 1 in Ice Magic
   539 | D:1      | Reached skill level 1 in Air Magic
   539 | D:1      | Reached skill level 1 in Earth Magic
   539 | D:1      | Reached skill level 1 in Poison Magic
   539 | D:1      | Reached skill level 1 in Invocations
   539 | D:1      | Reached skill level 1 in Evocations
   539 | D:1      | Reached XP level 4. HP: 41/41 MP: 3/6
   539 | D:1      | Reached XP level 5. HP: 47/47 MP: 3/7
   580 | D:1      | XOM: noise
   667 | D:1      | Found a faded altar of an unknown god.
   687 | D:1      | XOM: cloud trail
   832 | D:1      | XOM: give mutations
   832 | D:1      | Gained mutation: Your flesh is heat resistant. (rF+) [Xom's
                  | grace]
   832 | D:1      | Gained mutation: Your spells are a little harder to cast,
                  | but a little more powerful. [Xom's grace]
  1209 | D:2      | XOM: divination: detect creatures
  1383 | D:2      | XOM: silly message
  1625 | D:2      | XOM: silly message
  1789 | D:3      | Identified a scroll of acquirement
  1789 | D:3      | Acquired the +2 pair of gloves of the Arcane {rC- rN+ Str+9
                  | Dex-4}
  2039 | D:3      | Found a runed translucent gate.
  2040 | D:3      | Found a runed translucent gate.
  2041 | D:3      | Found a runed translucent gate.
  2042 | D:3      | Noticed an ogre
  2043 | D:3      | Noticed purpskrrrp's ghost (novice FoFi)
  2251 | D:3      | XOM: cloud trail
  2419 | D:3      | Reached XP level 6. HP: 53/53 MP: 8/8
  2419 | D:3      | XOM: 4-stop teleportation journey
  2638 | D:3      | Noticed Ijyb
  2645 | D:3      | XOM: noise
  2651 | D:3      | Noticed Ijyb
  2651 | D:3      | Ijyb changed into Ijyb the shapeshifter
  2651 | D:3      | Noticed Ijyb
  2651 | D:3      | Ijyb the shapeshifter changed into Ijyb the basilisk
  2661 | D:3      | XOM: confusion
  2880 | D:3      | XOM: summons 1 hostile shadow creature
  2933 | D:3      | Found an ornate altar of the Wu Jian Council.
  2946 | D:3      | Identified the +1 chain mail of the Forsaken Friends
                  | {Slay+5}
  3022 | D:3      | XOM: god gift: book of the Hunter
  3193 | D:4      | Noticed Blork the orc
  3193 | D:4      | XOM: confuse monster(s)
  3201 | D:4      | Killed Blork the orc
  3202 | D:4      | Reached skill level 5 in Armour
  3356 | D:4      | Noticed a black bear
  3359 | D:4      | XOM: cast spell 'Summon Hydra'
  3365 | D:4      | Killed a black bear
  3366 | D:4      | Reached XP level 7. HP: 59/59 MP: 10/10
  3542 | D:4      | XOM: enchant monster (bad)
  3640 | D:4      | XOM: give mutations
  3640 | D:4      | Gained mutation: You are frail. (-10% HP) [Xom's mischief]
  3640 | D:4      | Gained mutation: You sometimes lose the ability to read
                  | scrolls when taking damage. [Xom's mischief]
  3640 | D:4      | Gained mutation: You have hidden genetic potential. [Xom's
                  | mischief]
  3655 | D:4      | XOM: give mutations
  3655 | D:4      | Lost mutation: You have hidden genetic potential. [Xom's
                  | mischief]
  3655 | D:4      | Gained mutation: Your body sometimes deteriorates upon
                  | taking damage. [Xom's mischief]
  3655 | D:4      | Lost mutation: You sometimes lose the ability to read
                  | scrolls when taking damage. [Xom's mischief]
  3971 | D:5      | Entered Level 5 of the Dungeon
  3975 | D:5      | XOM: blink monster(s)
  3980 | D:4      | XOM: blink monster(s)
  4206 | D:5      | Noticed Ijyb
  4216 | D:5      | XOM: 1-stop teleportation journey
  4245 | D:5      | XOM: stat loss: -1 Str (21/22)
  4386 | D:5      | Noticed Ijyb
  4392 | D:5      | Noticed Ijyb
  4398 | D:5      | Killed Ijyb the spriggan
  4399 | D:5      | Reached XP level 8. HP: 51/60 MP: 12/12
  4647 | D:5      | XOM: summons 2 hostile demons
  4689 | D:5      | XOM: noise
  4822 | D:6      | XOM: 1-stop teleportation journey
  4840 | D:6      | XOM: confusion (+ monsters)
  4871 | D:6      | Found a shadowy altar of Dithmenos.
  4945 | D:6      | XOM: smoke on damage
  5049 | D:6      | XOM: stat loss: -1 Int (11/12)
  5163 | D:6      | Found an ancient bone altar of Kikubaaqudgha.
  5183 | D:6      | XOM: butterfly on damage
  5285 | D:6      | Found a staircase to the Ecumenical Temple.
  5291 | D:6      | XOM: 3-stop teleportation journey
  5337 | D:6      | Noticed Pikel
  5347 | D:6      | XOM: summons 2 friendly demons
  5348 | D:6      | Killed Pikel
  5349 | D:6      | Reached XP level 9. HP: 29/65 MP: 14/14
  5814 | D:6      | Found a runed translucent door.
  5815 | D:6      | Noticed Crazy Yiuf
  5821 | D:6      | Killed Crazy Yiuf
  5971 | D:6      | XOM: enchant monster (bad)
  6116 | D:6      | XOM: summons 4 hostile demons
  6301 | D:6      | Found a sparkling altar of Nemelex Xobeh.
  6390 | D:7      | Reached skill level 5 in Dodging
  6481 | D:7      | XOM: give mutations
  6481 | D:7      | Gained mutation: Your body often deteriorates upon taking
                  | damage. [Xom's mischief]
  6481 | D:7      | Lost mutation: Your body often deteriorates upon taking
                  | damage. [Xom's mischief]
  6590 | D:7      | Noticed Prince Ribbit
  6602 | D:7      | Killed Prince Ribbit
  6655 | D:7      | XOM: summons 5 hostile demons
  6796 | D:7      | Found a runed translucent gate.
  6796 | D:7      | Found a runed translucent gate.
  6796 | D:7      | Found a runed translucent gate.
  7027 | D:7      | Noticed Agrostarius's ghost (novice DsFi)
  7399 | D:3      | XOM: chaos upgrade
  7402 | D:3      | Reached skill level 5 in Invocations
  7409 | D:3      | Slain by purpskrrrp's ghost

Illustrated notes

Levels and vault maps discovered:
D:1:      roderic_octagonal_star, layout_rooms, serial_curves, eino_curves_01,
          eino_curves_04, eino_curves_02, eino_curves_02,
          shapermc_ecumenical_altar_mp_ritualfount
D:2:      layout_basic, minmay_heptomino_w4
D:3:      minmay_skewed_foursquare, layout_basic,
          nicolae_wu_jian_immortal_techniques, gammafunk_ghost_split, uniq_ijyb
D:4:      layout_loops_ring, uniq_blork_the_orc
D:5:      layout_rooms, minmay_misc_feat_doors, kennysheep_generic_room_9
D:6:      layout_basic, nemelex_dance_club_becter,
          mainiacjoe_overflow_catch_the_wave, minmay_temple_entry_ruins,
          minivault_19, minivault_27, kennysheep_generic_room_4, uniq_pikel,
          uniq_crazy_yiuf_cottage
D:7:      layout_basic, gammafunk_ghost_icy, uniq_prince_ribbit1

Skill      XL: |  1  2  3  4  5  6  7  8  9 |
---------------+----------------------------+-----
Short Blades   | 1 2 3 4 |  4.5
Long Blades    | 1 2 3 4 |  4.5
Maces & Flails | 1 2 3 4 |  4.5
Polearms       | 1 2 3 4 |  4.5
Staves         | 1 2 3 4 |  4.5
Slings         | 1 2 3 4 |  4.5
Bows           | 1 2 3 4 |  4.5
Crossbows      | 1 2 3 4 |  4.5
Throwing       | 1 2 3 4 |  4.5
Dodging        | 3 4 5 |  5.3
Stealth        | 1 2 3 4 |  4.5
Shields        | 1 2 3 4 |  4.5
Unarmed Combat | 1 2 3 4 |  4.5
Spellcasting   | 1 2 3 4 |  4.5
Conjurations   | 1 2 3 |  3.7
Hexes          | 1 2 3 |  3.7
Summonings     | 1 2 3 |  3.7
Necromancy     | 1 2 3 |  3.7
Translocations | 1 2 3 |  3.7
Transmutations | 1 2 3 |  3.7
Fire Magic     | 1 2 3 |  3.7
Ice Magic      | 1 2 3 |  3.7
Air Magic      | 1 2 3 |  3.7
Earth Magic    | 1 2 3 |  3.7
Poison Magic   | 1 2 3 |  3.7
Invocations    | 1 2 3 4 5 |  5.0
Evocations     | 1 2 3 4 |  4.5
Armour         | 5 6 |  6.5
Fighting       | 7 8 |  8.0
Axes           | 7 8 |  8.0

Action                   |  1- 3 |  4- 6 |  7- 9 || total
-------------------------+-------+-------+-------++-------
Melee: Hand axe          |    37 |   123 |    86 ||   246
       Bite              |     5 |     8 |    27 ||    40
       Punch             |     1 |     3 |     8 ||    12
       War axe           |       |       |   119 ||   119
Throw: Boomerang         |       |       |    20 ||    20
  Use: Scroll            |       |     9 |    10 ||    19
       Potion            |       |       |     2 ||     2
 Stab: Paralysed         |     4 |       |       ||     4
       Confused          |       |     1 |       ||     1
Armor: Scale mail        |    23 |    37 |       ||    60
       Chain mail        |       |    18 |   138 ||   156
Dodge: Dodged            |    26 |    60 |    97 ||   183
